 Dungeon Crawl Stone Soup version 0.19.0 (webtiles) character file.

746 PrincessPwny the Cudgeler (level 7, -1/78 HPs)
             Began as an Ogre Berserker on Nov 12, 2016.
             Was an Elder of Trog.
             Slain by a kobold
             ... wielding a +0 club
              (3 damage)
             ... on level 3 of the Dungeon.
             The game lasted 00:11:27 (5096 turns).

PrincessPwny the Cudgeler (Ogre Berserker)          Turns: 5096, Time: 00:11:28

Health: -1/78      AC:  4    Str: 25    XL:     7   Next: 77%
Magic:  7/7        EV: 12    Int:  6    God:    Trog [****..]
Gold:   221        SH:  0    Dex: 11    Spells: 0 memorised, 6 levels left

rFire  . . .     SeeInvis .     a - +0 mace
rCold  . . .     Gourm    .     b - +1 animal skin
rNeg   . . .     Faith    .     (no shield)
rPois  .         Spirit   .     (helmet restricted)
rElec  .         Reflect  .     (no cloak)
rCorr  .         Harm     .     (gloves unavailable)
MR     .....                    (boots unavailable)
Stlth  +.........               (no amulet)
                                r - +2 ring of dexterity
                                (no ring)

@: exhausted, starving, slowed, very slow
A: unfitting armour, tough skin 1
a: Berserk, Trog's Hand, Brothers in Arms, Burn Spellbooks, Renounce Religion


You were on level 3 of the Dungeon.
You worshipped Trog.
Trog was greatly pleased with you.
You were starving.

You visited 1 branch of the dungeon, and saw 4 of its levels.

You collected 221 gold pieces.

Inventory:

Hand Weapons
 a - a +0 mace (weapon)
Armour
 b - a +1 animal skin (worn)
Jewellery
 f - an uncursed ring of protection from fire
 j - an uncursed ring of ice
 r - a +2 ring of dexterity (right hand)
 x - a +3 ring of dexterity
Scrolls
 d - 2 scrolls of blinking
 l - a scroll of magic mapping {unknown}
 p - a scroll of enchant armour
 t - a scroll of recharging {unknown}
 u - 2 scrolls of identify {@r1}
 w - 2 scrolls of teleportation
 y - a scroll of random uselessness {unknown}
 z - a scroll of remove curse {@r2}
 A - a scroll of immolation {unknown}
Potions
 e - 3 potions of curing {@q1}
 g - a potion of might {unknown}
 h - 2 potions of degeneration {unknown}
 m - a potion of agility {unknown}
 o - a potion of lignification
 q - 3 potions of heal wounds {unknown}
 v - a potion of ambrosia {unknown}
 B - a potion of cancellation {unknown}
Comestibles
 c - 4 bread rations
 i - 5 meat rations
 k - a beef jerky
 s - 2 fruits


   Skills:
 + Level 7.2 Fighting
 + Level 7.5 Maces & Flails
 + Level 5.2 Dodging


You had 6 spell levels left.
You didn't know any spells.

Dungeon Overview and Level Annotations

Branches:
Dungeon (4/15)             Temple (0/1) D:4

Altars:
Ru
Trog

Shops:
D:4 %


Innate Abilities, Weirdness & Mutations

You are too large for most types of armour.
You have tough skin. (AC +1)


Message History

The kobold closely misses you. The kobold barely misses you.
The kobold closely misses you. x3; The kobold barely misses you. x2
You closely miss the kobold.
The kobold is heavily wounded.
The kobold closely misses you. The kobold hits you with a club.
* * * LOW HITPOINT WARNING * * *
The kobold hits you with a club.
* * * LOW HITPOINT WARNING * * *
The kobold hits you with a club.
* * * LOW HITPOINT WARNING * * *
The kobold hits you with a club.
* * * LOW HITPOINT WARNING * * *
The kobold hits you with a club.
* * * LOW HITPOINT WARNING * * *
The kobold hits you but does no damage. x2
You closely miss the kobold.
The kobold is heavily wounded.
The kobold misses you. The kobold hits you but does no damage.
The kobold closely misses you. The kobold hits you with a club.
You die...

######### ######## ..#.....##
##......# # ).'......###.......#
.# ###.......#........##'#
...(......#...........#
..()......'...........#
..)(......#....KKK....#
###.......#....K@KK#
+......###(.(.KK.# #.....##
##(.....# #≈≈≈≈≈≈≈#
#################### #≈≈≈≈≈≈≈#
≈≈≈≈≈≈≈≈≈≈≈≈≈≈≈≈≈≈≈#####≈≈≈≈≈≈≈#
≈≈≈≈≈≈≈≈≈≈≈≈≈≈≈≈≈≈≈≈≈≈≈≈≈≈≈≈≈≈≈#
≈≈≈≈≈≈≈≈≈≈≈≈≈≈≈≈≈≈≈≈≈≈≈≈≈≈≈≈≈≈≈#
≈.≈..≈≈.≈..≈...≈≈≈≈≈.≈≈≈.≈≈≈≈.≈#
...............................#


You could see 8 kobolds.

Vanquished Creatures
  2 eyes of draining (D:3)
  A big kobold (D:3)
  3 orc priests (D:4)
  4 orc wizards (D:4)
  2 worker ants (D:4)
  A hound skeleton (D:4)
  A gnoll (D:4)
  A howler monkey skeleton (D:4)
  5 adders
  2 oozes
  An adder skeleton (D:2)
  2 worms
  3 dart slugs (D:1)
  A leopard gecko (D:1)
  26 orcs
  A bat skeleton (D:2)
  2 giant cockroaches
  10 goblins
  11 hobgoblins
  6 jackals
  27 kobolds
  2 quokkas (D:2)
  A ball python (D:1)
  3 bats
  11 frilled lizards
  2 giant cockroach zombies (D:2)
  9 rats
140 creatures vanquished.

Notes
Turn   | Place    | Note
-------+----------+-------------------------------------------
     0 | D:1      | PrincessPwny the Ogre Berserker began the quest for the Orb.
     0 | D:1      | Reached XP level 1. HP: 24/24 MP: 1/1
    87 | D:1      | Reached XP level 2. HP: 21/32 MP: 2/2
  1163 | D:1      | Reached XP level 3. HP: 40/40 MP: 3/3
  1710 | D:2      | Reached ** piety under Trog
  1798 | D:2      | Reached XP level 4. HP: 49/49 MP: 4/4
  2060 | D:2      | Reached skill level 5 in Fighting
  2060 | D:2      | Reached skill level 5 in Maces & Flails
  2539 | D:3      | Found a bloodstained altar of Trog.
  2539 | D:3      | Noticed an eye of draining
  2539 | D:3      | Noticed an eye of draining
  2558 | D:3      | Killed an eye of draining
  2558 | D:3      | Reached XP level 5. HP: 59/59 MP: 0/5
  2563 | D:3      | Killed an eye of draining
  2563 | D:3      | Reached XP level 6. HP: 67/67 MP: 0/6
  2847 | D:3      | You fall through a shaft!
  2927 | D:4      | Reached *** piety under Trog
  3575 | D:4      | Reached XP level 7. HP: 76/76 MP: 7/7
  3660 | D:4      | Found a staircase to the Ecumenical Temple.
  3721 | D:4      | Found Taupupi's Food Boutique.
  3856 | D:4      | Reached **** piety under Trog
  4310 | D:4      | Found a sacrificial altar of Ru.
  4433 | D:4      | Reached skill level 5 in Dodging
  5095 | D:3      | HP: 2/78 [kobold/club (3)]
  5096 | D:3      | Slain by a kobold

Skill      XL: |  1  2  3  4  5  6  7 |
---------------+----------------------+-----
Dodging        | 3 4 5 |  5.2
Fighting       | 5 6 7 |  7.2
Maces & Flails | 5 6 7 |  7.5

Action                   |  1- 3 |  4- 6 |  7- 9 || total
-------------------------+-------+-------+-------++-------
Melee: Mace              |   118 |   170 |   143 ||   431
Invok: Berserk           |       |     3 |     1 ||     4
  Use: Scroll            |     4 |     5 |       ||     9
 Stab: Sleeping          |       |     2 |       ||     2
  Eat: Chunk             |     3 |     7 |     5 ||    15
Armor: Animal skin       |    32 |    39 |    43 ||   114
Dodge: Dodged            |    65 |   109 |   121 ||   295
